NWL
SALEM-KEIZER VOLCANOES @ LOS ANGELES A (SS-A) ANGELS
08/14/2098
 
TOP OF THE 1ST
Salem-Keizer Volcanoes batting - Pitching for Los Angeles A (SS-A) Angels : RHP Dan Godfrey
Pitching: RHP Dan Godfrey
Batting: RHB Greg Hadley 0-0: Called Strike
0-1: Fly out, F9 (Flyball, 9S, EV 95.0 MPH)
Batting: LHB Preston Wholey 0-0: Swinging Strike
0-1: Ball
1-1: Ball
2-1: Swinging Strike
2-2: Ball
3-2: Ground out 6-3 (Groundball, 6, EV 82.5 MPH)
Batting: LHB Russ Sverdlov 0-0: Called Strike
0-1: Ball
1-1: SINGLE (Line Drive, 6MD, EV 107.5 MPH)
Batting: LHB Steve Inniss 0-0: Ball
1-0: Ball
2-0: Ball
3-0: Base on Balls
Russ Sverdlov to second
Batting: LHB Enrique Lucero 0-0: Ground out 4-3 (Groundball, 4, EV 106.3 MPH)
Top of the 1st over - 0 runs, 1 hit, 0 errors, 2 left on base; Salem-Keizer 0 - Los Angeles A (SS-A) 0
BOTTOM OF THE 1ST
Los Angeles A (SS-A) Angels batting - Pitching for Salem-Keizer Volcanoes : RHP Matt Barnes
Pitching: RHP Matt Barnes
Batting: SHB Jarod Heckman 0-0: Foul Ball, location: 3FF
0-1: Bunted foul
0-2: Ground out 6-3 (Groundball, 6MS, EV 67.5 MPH)
Batting: RHB Rodolfo Garcia 0-0: Foul Ball, location: 2LF
0-1: SINGLE (Groundball, 4MD, EV 103.8 MPH)
Batting: LHB John Stevens Pickoff Throw to First - Out! 1-3
0-0: Ball
1-0: Foul Ball, location: 5F
1-1: Ground out U3 (Groundball, 3S, EV 92.5 MPH)
Bottom of the 1st over - 0 runs, 1 hit, 0 errors, 0 left on base; Salem-Keizer 0 - Los Angeles A (SS-A) 0
TOP OF THE 2ND
Salem-Keizer Volcanoes batting - Pitching for Los Angeles A (SS-A) Angels : RHP Dan Godfrey
Batting: SHB Paul DiPietro 0-0: Ball
1-0: Ball
2-0: Called Strike
2-1: SINGLE (Line Drive, 78S, EV 107.5 MPH)
Batting: RHB John Epley 0-0: Ball
1-0: Sac Bunt to 15 - play at first, batter OUT! 1-4
Paul DiPietro to second
Batting: SHB Jacob Carmer 0-0: Ground out 5-3 (Groundball, 56S, EV 69.4 MPH)
Batting: RHB Marco Gorbea 0-0: Called Strike
0-1: Ball
1-1: Foul Ball, location: 2F
1-2: Ball
2-2: Ball
3-2: Foul Ball, location: 9LMF
3-2: Strikes out swinging
Top of the 2nd over - 0 runs, 1 hit, 0 errors, 1 left on base; Salem-Keizer 0 - Los Angeles A (SS-A) 0
BOTTOM OF THE 2ND
Los Angeles A (SS-A) Angels batting - Pitching for Salem-Keizer Volcanoes : RHP Matt Barnes
Batting: LHB Cory Murray 0-0: Ball
1-0: Ball
2-0: Swinging Strike
2-1: Foul Ball, location: 2F
2-2: Ball
3-2: Strikes out looking
Batting: RHB Edgar Palomera 0-0: SINGLE (Groundball, 34D, EV 103.1 MPH)
Batting: RHB Jon Kren 0-0: Called Strike
0-1: Fly out, F3 (Popup, 3SF, EV 81.9 MPH)
Batting: RHB Glenn Sciancalepore 0-0: Fielders Choice at 2nd, 5-4 (Groundball, 5L, EV 107.5 MPH)
Bottom of the 2nd over - 0 runs, 1 hit, 0 errors, 1 left on base; Salem-Keizer 0 - Los Angeles A (SS-A) 0
TOP OF THE 3RD
Salem-Keizer Volcanoes batting - Pitching for Los Angeles A (SS-A) Angels : RHP Dan Godfrey
Batting: RHB Greg Hadley 0-0: Ball
1-0: Ball
2-0: Called Strike
2-1: Fly out, F3 (Popup, 23F, EV 91.3 MPH)
Batting: LHB Preston Wholey 0-0: SINGLE (Groundball, 34D, EV 98.1 MPH)
Batting: LHB Russ Sverdlov 0-0: Called Strike
0-1: Called Strike
0-2: Strikes out swinging
Batting: LHB Steve Inniss 0-0: Ball
1-0: Foul Ball, location: 2F
1-1: Fly out, F6 (Popup, 6, EV 61.9 MPH)
Top of the 3rd over - 0 runs, 1 hit, 0 errors, 1 left on base; Salem-Keizer 0 - Los Angeles A (SS-A) 0
BOTTOM OF THE 3RD
Los Angeles A (SS-A) Angels batting - Pitching for Salem-Keizer Volcanoes : RHP Matt Barnes
Batting: LHB Mike Felts 0-0: Swinging Strike
0-1: Ball
1-1: Ball
2-1: Foul Ball, location: 7LMFF
2-2: Strikes out swinging
Batting: SHB Pat Watson 0-0: Called Strike
0-1: Called Strike
0-2: Ball
1-2: Ball
2-2: Strikes out swinging
Batting: SHB Jarod Heckman 0-0: Ball
1-0: Foul Ball, location: 2F
1-1: Called Strike
1-2: Strikes out swinging
Bottom of the 3rd over - 0 runs, 0 hits, 0 errors, 0 left on base; Salem-Keizer 0 - Los Angeles A (SS-A) 0
TOP OF THE 4TH
Salem-Keizer Volcanoes batting - Pitching for Los Angeles A (SS-A) Angels : RHP Dan Godfrey
Batting: LHB Enrique Lucero 0-0: Called Strike
0-1: Ball
1-1: Ball
2-1: SINGLE (Groundball, 4MD, EV 102.5 MPH)
Batting: SHB Paul DiPietro 0-0: Bunt missed!
0-1: Bunt - Flyout to 13! F1
Batting: RHB John Epley 0-0: Called Strike
0-1: Ball
1-1: Ball
2-1: Foul Ball, location: 3SF
2-2: Foul Ball, location: 7LMF
2-2: Strikes out looking
Batting: SHB Jacob Carmer 0-0: Fly out, F5 (Popup, 5SF, EV 81.3 MPH)
Top of the 4th over - 0 runs, 1 hit, 0 errors, 1 left on base; Salem-Keizer 0 - Los Angeles A (SS-A) 0
BOTTOM OF THE 4TH
Los Angeles A (SS-A) Angels batting - Pitching for Salem-Keizer Volcanoes : RHP Matt Barnes
Batting: RHB Rodolfo Garcia 0-0: Ball
1-0: Foul Ball, location: 5F
1-1: SINGLE (Groundball, 56, EV 89.4 MPH)
Batting: LHB John Stevens 0-0: Ball
Rodolfo Garcia steals 2nd base
1-0: Ball
2-0: Called Strike
2-1: Foul Ball, location: 2F
2-2: Foul Ball, location: 23FF
2-2: Ball
3-2: Foul Ball, location: 3F
3-2: DOUBLE (Flyball, 78D, EV 102.5 MPH)
Rodolfo Garcia scores
Batting: LHB Cory Murray 0-0: Ball
1-0: Ball
2-0: Called Strike
2-1: Fly out, F6 (Popup, 6, EV 60.6 MPH)
Batting: RHB Edgar Palomera 0-0: Ball
1-0: Foul Ball, location: 7LDF
1-1: Swinging Strike
1-2: Strikes out swinging
Batting: RHB Jon Kren 0-0: Ball
1-0: Ball
2-0: Foul Ball, location: 25F
2-1: Fly out, F6 (Flyball, 56D, EV 98.8 MPH)
Bottom of the 4th over - 1 run, 2 hits, 0 errors, 1 left on base; Salem-Keizer 0 - Los Angeles A (SS-A) 1
TOP OF THE 5TH
Salem-Keizer Volcanoes batting - Pitching for Los Angeles A (SS-A) Angels : RHP Dan Godfrey
Batting: RHB Marco Gorbea 0-0: Foul Ball, location: 3F
0-1: Bunt missed!
0-2: SINGLE (Line Drive, 89M, EV 105.0 MPH)
Batting: RHB Greg Hadley 0-0: Bunted foul
0-1: Bunt missed!
0-2: DOUBLE (Line Drive, 3D, EV 96.3 MPH)
Marco Gorbea to third
Batting: LHB Preston Wholey 0-0: SINGLE (Groundball, 6D, EV 98.8 MPH)
Marco Gorbea scores
Greg Hadley to third
Runner from 3rd tries for Home, SAFE, throw by CF to home
Preston Wholey to second
Batting: LHB Russ Sverdlov 0-0: Called Strike
0-1: Foul Ball, location: 7LMF
0-2: Ball
1-2: Fly out, F9 (Flyball, 9, EV 94.4 MPH)
Batting: LHB Steve Inniss 0-0: Ball
1-0: Ball
2-0: Foul Ball, location: 25F
2-1: SINGLE (Groundball, 34D, EV 101.9 MPH)
Preston Wholey to third
Runner from 3rd tries for Home, SAFE, throw by RF to home
Batting: LHB Enrique Lucero 0-0: Foul Ball, location: 7LDF
0-1: Ball
1-1: Ball
2-1: Ball
3-1: Base on Balls
Steve Inniss to second
Batting: SHB Paul DiPietro 0-0: Swinging Strike
0-1: Ball
1-1: Ball
2-1: Called Strike
2-2: Foul Ball, location: 7LMF
2-2: Ball
3-2: Foul Ball, location: 3F
3-2: Fly out, F8 (Flyball, 89M, EV 95.6 MPH)
Batting: RHB John Epley 0-0: Fly out, F8 (Flyball, 8RD, EV 101.3 MPH)
Top of the 5th over - 3 runs, 4 hits, 0 errors, 2 left on base; Salem-Keizer 3 - Los Angeles A (SS-A) 1
BOTTOM OF THE 5TH
Los Angeles A (SS-A) Angels batting - Pitching for Salem-Keizer Volcanoes : RHP Matt Barnes
Batting: RHB Glenn Sciancalepore 0-0: Ball
1-0: Ball
2-0: Ground out U3 (Groundball, 3, EV 89.4 MPH)
Batting: LHB Mike Felts 0-0: Fly out, F7 (Flyball, 7, EV 85.0 MPH)
Batting: SHB Pat Watson 0-0: Called Strike
0-1: Ball
1-1: Ball
2-1: Swinging Strike
2-2: Foul Ball, location: 3F
2-2: Strikes out swinging
Bottom of the 5th over - 0 runs, 0 hits, 0 errors, 0 left on base; Salem-Keizer 3 - Los Angeles A (SS-A) 1
TOP OF THE 6TH
Salem-Keizer Volcanoes batting - Pitching for Los Angeles A (SS-A) Angels : RHP Dan Godfrey
Batting: SHB Jacob Carmer 0-0: Called Strike
0-1: Foul Ball, location: 2F
0-2: Ball
1-2: Strikes out swinging
Batting: RHB Marco Gorbea 0-0: Called Strike
0-1: Foul Ball, location: 5FF
0-2: Fly out, F6 (Popup, 15S, EV 86.3 MPH)
Batting: RHB Greg Hadley 0-0: Ball
1-0: Swinging Strike
1-1: Swinging Strike
1-2: Foul Ball, location: 7LMF
1-2: Foul Ball, location: 2F
1-2: Strikes out looking
Top of the 6th over - 0 runs, 0 hits, 0 errors, 0 left on base; Salem-Keizer 3 - Los Angeles A (SS-A) 1
BOTTOM OF THE 6TH
Los Angeles A (SS-A) Angels batting - Pitching for Salem-Keizer Volcanoes : RHP Matt Barnes
Batting: SHB Jarod Heckman 0-0: Foul Ball, location: 5F
0-1: Foul Ball, location: 2RF
0-2: Ball
1-2: Ball
2-2: Foul Ball, location: 9LSF
2-2: Strikes out swinging
Batting: RHB Rodolfo Garcia 0-0: Ball
1-0: Ball
2-0: DOUBLE (Line Drive, 89D, EV 103.1 MPH)
Batting: LHB John Stevens 0-0: Ball
1-0: Called Strike
Rodolfo Garcia steals 3rd base
1-1: SINGLE (Line Drive, 89S, EV 95.0 MPH)
Rodolfo Garcia scores
Batting: LHB Cory Murray 0-0: Called Strike
0-1: Swinging Strike
0-2: Strikes out looking
Pitching: RHP Art Putman
Pinch Hitting: LHB Jonathan Bartolo 0-0: Ball
1-0: Ball
2-0: SINGLE (Line Drive, 4MD, EV 96.9 MPH)
John Stevens to second
Batting: RHB Jon Kren 0-0: Ball
1-0: Ball
2-0: Ball
3-0: Called Strike
3-1: Ground out 4-3 (Groundball, 4, EV 87.5 MPH)
Bottom of the 6th over - 1 run, 3 hits, 0 errors, 2 left on base; Salem-Keizer 3 - Los Angeles A (SS-A) 2
TOP OF THE 7TH
Salem-Keizer Volcanoes batting - Pitching for Los Angeles A (SS-A) Angels : RHP Dan Godfrey
Pitching: RHP Wil Rivera
Now at 1B: Jonathan Bartolo
Batting: LHB Preston Wholey 0-0: Foul Ball, location: 7LSF
0-1: Fly out, F8 (Line Drive, 8RM, EV 103.8 MPH)
Batting: LHB Russ Sverdlov 0-0: SINGLE (Groundball, 34D, EV 95.6 MPH)
Batting: LHB Steve Inniss 0-0: Ball
1-0: Called Strike
1-1: Foul Ball, location: 7LSF
1-2: Foul Ball, location: 2F
1-2: Foul Ball, location: 2F
1-2: SINGLE (Groundball, 56D, EV 97.5 MPH)
Russ Sverdlov to second
Batting: LHB Enrique Lucero 0-0: Swinging Strike
0-1: Ball
1-1: Foul Ball, location: 7LSF
1-2: Foul Ball, location: 9LSF
1-2: Fielders Choice at 2nd, 3-6 (Groundball, 34, EV 105.0 MPH)
Russ Sverdlov to third
Batting: SHB Paul DiPietro 0-0: Foul Ball, location: 25FF
0-1: SINGLE (Groundball, 6, EV 88.1 MPH)
Russ Sverdlov scores
Enrique Lucero to second
Runner from 2nd tries for 3rd, SAFE, no throw by CF
Batting: RHB John Epley 0-0: Ball
1-0: Foul Ball, location: 25F
1-1: Ball
2-1: Foul Ball, location: 9LMF
2-2: Ball
3-2: Foul Ball, location: 3F
3-2: Base on Balls
Paul DiPietro to second
Batting: SHB Jacob Carmer 0-0: Called Strike
0-1: Called Strike
0-2: Strikes out swinging
Top of the 7th over - 1 run, 3 hits, 0 errors, 3 left on base; Salem-Keizer 4 - Los Angeles A (SS-A) 2
BOTTOM OF THE 7TH
Los Angeles A (SS-A) Angels batting - Pitching for Salem-Keizer Volcanoes : RHP Art Putman
Batting: RHB Glenn Sciancalepore 0-0: Ball
1-0: Called Strike
1-1: Foul Ball, location: 3F
1-2: Foul Ball, location: 5DF
1-2: Foul Ball, location: 2F
1-2: Ball
2-2: Strikes out swinging
Batting: LHB Mike Felts 0-0: Called Strike
0-1: Swinging Strike
0-2: Ball
1-2: Strikes out swinging
Batting: SHB Pat Watson 0-0: Called Strike
0-1: Foul Ball, location: 7LDF
0-2: Ball
1-2: Ball
2-2: Fly out, F7 (Flyball, 7S, EV 93.1 MPH)
Bottom of the 7th over - 0 runs, 0 hits, 0 errors, 0 left on base; Salem-Keizer 4 - Los Angeles A (SS-A) 2
TOP OF THE 8TH
Salem-Keizer Volcanoes batting - Pitching for Los Angeles A (SS-A) Angels : RHP Wil Rivera
Pitching: RHP Mario Jan
Batting: RHB Marco Gorbea 0-0: Ball
1-0: Called Strike
1-1: Ball
2-1: Called Strike
2-2: Ball
3-2: Strikes out looking
Batting: RHB Greg Hadley 0-0: Called Strike
0-1: Foul Ball, location: 25F
0-2: Ball
1-2: Strikes out swinging
Batting: LHB Preston Wholey 0-0: Called Strike
0-1: Foul Ball, location: 7LSF
0-2: Foul Ball, location: 3DF
0-2: Foul Ball, location: 5F
0-2: Ball
1-2: Strikes out swinging
Top of the 8th over - 0 runs, 0 hits, 0 errors, 0 left on base; Salem-Keizer 4 - Los Angeles A (SS-A) 2
BOTTOM OF THE 8TH
Los Angeles A (SS-A) Angels batting - Pitching for Salem-Keizer Volcanoes : RHP Art Putman
Pitching: RHP Alexis Herrera
Batting: SHB Jarod Heckman 0-0: Swinging Strike
0-1: Ball
1-1: Ball
2-1: Ball
3-1: Base on Balls
Pinch Hitting: LHB Dean Neufeld 0-0: Swinging Strike
0-1: Ball
1-1: Called Strike
1-2: SINGLE (Groundball, 4D, EV 105.0 MPH)
Jarod Heckman to second
Runner from 2nd tries for 3rd, SAFE, throw by CF made to third
Batting: LHB John Stevens 0-0: Ball
1-0: Called Strike
1-1: Ball
2-1: Ball
3-1: SINGLE (Line Drive, 89M, EV 95.6 MPH)
Jarod Heckman scores
Dean Neufeld to second
Pinch Runner at 2nd Russ Trahan:
Batting: LHB Cory Murray 0-0: Called Strike
0-1: Foul Ball, location: 2F
0-2: Ball
1-2: Ball
2-2: Strikes out swinging
Batting: LHB Jonathan Bartolo 0-0: Swinging Strike
0-1: Ball
1-1: Swinging Strike
1-2: Strikes out swinging
Batting: RHB Jon Kren 0-0: Ball
1-0: SINGLE (Line Drive, 89S, EV 85.6 MPH)
Russ Trahan to third
John Stevens to second
Runner from 3rd tries for Home, SAFE, throw by CF to home
Batting: RHB Glenn Sciancalepore 0-0: Called Strike
0-1: Ball
1-1: Ball
2-1: Ball
3-1: Base on Balls
John Stevens to third
Jon Kren to second
Batting: LHB Mike Felts 0-0: Ball
1-0: Swinging Strike
1-1: Ball
2-1: Ball
3-1: Foul Ball, location: 2F
3-2: Base on Balls
John Stevens scores
Jon Kren to third
Glenn Sciancalepore to second
Batting: SHB Pat Watson 0-0: Fly out, F8 (Flyball, 8LD, EV 78.1 MPH)
Bottom of the 8th over - 3 runs, 3 hits, 0 errors, 3 left on base; Salem-Keizer 4 - Los Angeles A (SS-A) 5
TOP OF THE 9TH
Salem-Keizer Volcanoes batting - Pitching for Los Angeles A (SS-A) Angels : RHP Mario Jan
Pitching: LHP Tyler Ellis
Now at 2B: Alex Castaneda
Now at SS: John Stevens
Now in LF: Cory Murray
Now in CF: Jarod Heckman
Pinch Hitting: RHB Andres Garcia 0-0: Swinging Strike
0-1: Foul Ball, location: 2LF
0-2: Strikes out swinging
Batting: LHB Steve Inniss 0-0: Ball
1-0: Ball
2-0: SINGLE (Groundball, P, EV 80.0 MPH) (infield hit)
Batting: RHB Leonardo Olivera 0-0: Swinging Strike
0-1: Fielders Choice at 2nd, 4-6 (Groundball, 4, EV 101.9 MPH)
Batting: SHB Paul DiPietro 0-0: Fielders Choice at 2nd, 6-4 (Groundball, 6, EV 88.1 MPH)
Top of the 9th over - 0 runs, 1 hit, 0 errors, 1 left on base; Salem-Keizer 4 - Los Angeles A (SS-A) 5
Friday, April 12th , 2024 - OOTP Baseball 24.11 Build 85